 Dungeon Crawl Stone Soup version 0.31-a0-355-g57cb03d3e8 (webtiles) character file.

Game seed: 6518336946495050791

35589 LustLizard the Grappler (level 13, -2/90 HPs)
             Began as an Octopode Shapeshifter on July 24, 2023.
             Was the Champion of Wu Jian.
             Engulfed by a fire crab's flame (12 damage)
             ... in a Gauntlet.
             The game lasted 00:35:25 (18729 turns).

LustLizard the Grappler (Octopode Shapeshifter)    Turns: 18729, Time: 00:35:26

Health: -2/90      AC:  1    Str: 16    XL:     13   Next: 84%
Magic:  28/28      EV: 19    Int: 12    God:    Wu Jian [******]
Gold:   875        SH:  0    Dex: 20    Spells: 16/20 levels left

rFire   + .          .
                       - Unarmed
rCold   + . .        (no shield)
rNeg    . . .        (helmet restricted)
rPois   +            G - amulet of regeneration
rElec   +            f - +6 ring of dexterity
rCorr   +            B - ring of magical power
SInv    .            D - ring of flight
Will    .....        (no ring)
Stlth   +++++        (no ring)
HPRegen 1.15/turn    (no ring)
MPRegen 0.21/turn    (no ring)
                     (no ring)

%: no teleportation
@: maw-form, resistant, flying, studying Axes
A: devouring maw, reduced hp, almost no armour, amphibious, 8 rings, camouflage
1, gelatinous body 1, (nimble swimmer 1), tentacles
a: Begin Untransformation, Renounce Religion, Wall Jump, Serpent's Lash,
Heavenly Storm


You were in a Gauntlet.
You worshipped Wu Jian.
Wu Jian was exalted by your worship.
You were a creature with a mouth for a stomach.
You visited 2 branches of the dungeon, and saw 17 of its levels.
You also visited: Sewer, Ossuary and Gauntlet.

You collected 875 gold pieces.

Inventory:

Missiles
 n - 13 poisoned darts
 J - a throwing net
Jewellery
 f - a +6 ring of dexterity (left tentacle)
 z - a ring of ice
 A - an amulet of magic regeneration
 B - a ring of magical power (right tentacle)
 D - a ring of flight (on tentacle)
 G - an amulet of regeneration (around mantle)
Talismans
 b - a beast talisman
 L - a maw talisman
Wands
 s - a wand of mindburst (22)
 E - a wand of light (20)
 M - a wand of iceblast (6)
 N - a wand of digging (8)
 O - a wand of flame (27)
Scrolls
 c - 4 scrolls of revelation
 d - 3 scrolls of fear
 e - 3 scrolls of teleportation
 g - 3 scrolls of amnesia {unknown}
 j - 3 scrolls of poison
 k - 2 scrolls of acquirement {unknown}
 l - 4 scrolls of blinking
 o - 4 scrolls of vulnerability {unknown}
 r - 3 scrolls of summoning
 t - 3 scrolls of fog
 u - a scroll of brand weapon
 x - 4 scrolls of noise {unknown}
 y - 2 scrolls of enchant weapon
 H - 3 scrolls of immolation {unknown}
 I - 2 scrolls of silence
Potions
 a - a potion of lignification
 h - 3 potions of curing
 i - 2 potions of berserk rage {unknown}
 m - a potion of ambrosia {unknown}
 p - a potion of cancellation {unknown}
 q - 3 potions of enlightenment
 v - 2 potions of resistance
 w - 3 potions of brilliance
 C - 4 potions of haste
 F - a potion of invisibility {unknown}
 K - a potion of mutation {unknown}


   Skills:
 + Level 9.9 Fighting
 + Level 8.7 Dodging
 - Level 7.0 Stealth
 * Level 13.9 Unarmed Combat
 + Level 4.2 Spellcasting
 - Level 8.0 Air Magic
 + Level 8.8 Shapeshifting


You had 16 spell levels left.
You knew the following spells:

 Your Spells              Type           Power      Damage    Failure   Level
a - Airstrike             Air            10%        2d(2-18)  9%          4

Your spell library contained the following spells:

 Spells                   Type           Power      Damage    Failure   Level
 Static Discharge         Conj/Air       24%        2-3/arc   6%          2
 Foxfire                  Conj/Fire      8%         2x1d4     22%         1
 Summon Lightning Spire   Summ/Air       12%        N/A       38%         4
 Dazzling Flash           Conj/Hex       4%         N/A       54%         3
 Stone Arrow              Conj/Erth      4%         3d7       54%         3
 Silence                  Hex/Air        6%         N/A       75%         5
 Agony                    Necr           2%         N/A       99%         5
 Conjure Ball Lightning   Conj/Air       6%         3x3d6     100%        6
 Discord                  Hex            1%         N/A       100%        8
 Disjunction              Tloc           1%         N/A       100%        8
 Lehudib's Crystal Spear  Conj/Erth      1%         10d2      100%        8
 Animate Armour           Summ/Erth      Unusable   N/A       N/A         4

Dungeon Overview and Level Annotations

Branches:
Dungeon (12/15)            Temple (0/1) D:5            Lair (5/5) D:8
 Shoals (0/4) Lair:3        Snake (0/4) Lair:3          Orc (0/2) D:10
  Sewer (visited)         Ossuary (visited)         Gauntlet (1/1)
  Slime: Lair:4-5

Altars:
Dithmenos
Fedhas
Kikubaaqudgha
Makhleb
Nemelex Xobeh
Ru
Sif Muna
Trog
Vehumet
Wu Jian
Xom

Shops:
D:5 [

Annotations:
D:11 Erolcha
Lair:3 exclusion: skyshark
Lair:4 exclusion: 2 oklob plants Gauntlet 11 transporters, 3 runed translucent doors, exclusion: orange crystal statue


Innate Abilities, Weirdness & Mutations

You are a creature with a mouth for a stomach.
Your midsection houses a second, enormous mouth.
Your maximum health is decreased, since you lack skill for your form.
You cannot wear most types of armour.
You are amphibious.
You can wear up to eight rings at the same time.
Your skin changes colour to match your surroundings (Stealth+).
Your rubbery body absorbs attacks. (AC +1, EV +1)
((You are camouflaged when in or above water. (Stealth+)))
You have tentacles for arms and can constrict up to eight enemies at once.


Message History

Your bite misses the fire bat.
The fire bat is heavily wounded.
You tentacle-slap the fire bat but do no damage.
The fire bat is heavily wounded.
You spin and attack the fire bat.
You tentacle-slap the fire bat. Your grab misses the fire bat.
You bite the fire bat!
The fire bat is almost dead.
You constrict the fire bat. The fire bat closely misses you.
The fire bat completely misses you.
The fire bat struggles to escape constriction.
The fire crab breathes flames at you. The blast of flame engulfs you.
You miss the fire bat. Your grab misses the fire bat.
Your tentacle-slap misses the fire bat.
The fire bat is almost dead.
You are engulfed in blazing flames.
You constrict the fire bat. The fire bat closely misses you.
The fire bat bites you.
You are engulfed in flames.
The fire bat escapes!
Unknown command.
You are engulfed in blazing flames.
The fire bat bites you.
You are engulfed in flames!
The fire bat bites you.
You are engulfed in flames!
* * * LOW HITPOINT WARNING * * *
Unknown command.
The fire bat bites you.
* * * LOW HITPOINT WARNING * * *
You are engulfed in flames!
* * * LOW HITPOINT WARNING * * *
Unknown command.
You feel protected. The fire bat bites you.
* * * LOW HITPOINT WARNING * * *
You are engulfed in flames.
You resist.
* * * LOW HITPOINT WARNING * * *
The fire bat misses you. The fire crab breathes flames at you.
The blast of flame engulfs the fire bat.
The fire bat completely resists.
The fire bat barely misses you. The fire bat closely misses you.
You feel better.
You are engulfed in blazing flames.
You resist.
You die...

####≈≈≈#≈≈≈#≈≈≈#≈≈≈#
#≈≈.................
#≈.....P.#########..
####...PP.♣.###y..###.♣
#≈≈....P....###...###.P
#≈..♣.♣P♣.###..+##.##..
####.........#©#..#©#[©#..
#≈≈..#########.#..##+[##.♣
#≈...#○○bW○○.#.###..!###.P
####....#○#b###?#.###...###..
#≈≈...###○○○###.#.#########.P
#≈..♣.#©#.☼○###©#©#.........♣
####...P.#.#t##...:#.#########.P
#≈≈..♣...#.#.##....#.#......8#..
#≈...PP..#.#.......#.#..####.#..
##..♣PPP♣.#.#########.#.#...#(#.♣
≈.........#.#.......#©#.#.©.#©#..


You could see a fire crab and 2 fire bats.

Vanquished Creatures
  A hydra (Lair:4)
  2 boulder beetles
  6 death yaks (Lair:5)
  2 two-headed ogres
  Nergalle (D:10)
  2 ugly things (D:11)
  A torpor snail (Lair:5)
  5 elephants
  5 black mambas
  12 cane toads
  6 komodo dragons
  2 unseen horrors
  A rime drake (Lair:3)
  3 trolls
  3 polar bears
  Grinder (D:5)
  A hornet (D:9)
  11 blink frogs
  6 dream sheep
  5 shadows
  A vampire (D:10)
  Eustachio (D:5)
  5 wyverns
  14 yaks
  3 basilisks
  A fire bat (Gauntlet)
  3 nagas (Lair:3)
  A steam dragon (Lair:5)
  2 wargs (D:8)
  18 water moccasins
  2 black bears (D:6)
  2 ice beasts (D:5)
  An orc warrior (D:8)
  23 wolves
  3 ogres
  7 centaurs
  3 phantoms
  14 bullfrogs
  An elf zombie (Ossuary)
  2 gnoll sergeants
  3 scorpions
  14 wights
  2 electric eels
  A centaur zombie (Ossuary)
  2 human zombies (Ossuary)
  3 hounds
  Crazy Yiuf (D:4)
  A jelly (D:6)
  6 orc priests
  Jessica (D:3)
  3 iguanas
  A sleepcap (D:6)
  Ijyb (D:4)
  7 orc wizards
  7 hell rats (Lair:3)
  A hound zombie (Ossuary)
  4 mummies
  9 gnolls
  22 adders
  6 river rats (Sewer)
  3 white imps
  An ufetubus (D:6)
  2 adder zombies (Ossuary)
  7 worms
  4 dart slugs
  44 orcs
  20 ball pythons
  7 endoplasms
  4 giant cockroaches
  6 gnoll zombies (Ossuary)
  5 goblins
  4 hobgoblins
  3 jackals (D:1)
  2 quokkas
  10 bats
  4 frilled lizards (Sewer)
  4 goblin zombies (Ossuary)
  3 hobgoblin zombies (Ossuary)
  4 jackal zombies (Ossuary)
  10 kobolds
  A kobold zombie (Ossuary)
  2 orc zombies (D:7)
  4 quokka zombies (Ossuary)
  19 rats
  4 rat zombies (Ossuary)
455 creatures vanquished.

Vanquished Creatures (collateral kills)
  A phantom (D:5)
1 creature vanquished.

Vanquished Creatures (others)
  An orc wizard (D:7)
1 creature vanquished.

Grand Total: 457 creatures vanquished

Notes
Turn   | Place    | Note
-------+----------+-------------------------------------------
     0 | D:1      | LustLizard the Octopode Shapeshifter began the quest for
                  | the Orb.
     0 | D:1      | Reached XP level 1. HP: 13/13 MP: 1/1
   250 | D:1      | Reached XP level 2. HP: 18/18 MP: 2/2
   323 | D:1      | Reached skill level 1 in Stealth
   631 | D:1      | Reached XP level 3. HP: 23/23 MP: 3/3
  1619 | D:2      | Reached XP level 4. HP: 28/29 MP: 4/4
  2001 | D:2      | Reached skill level 4 in Unarmed Combat
  2416 | D:3      | Reached XP level 5. HP: 31/34 MP: 5/5
  2695 | D:3      | Found an ornate altar of the Wu Jian Council.
  2718 | D:3      | Became a worshipper of the Wu Jian Council
  2841 | D:3      | Noticed Jessica
  2868 | D:3      | Killed Jessica
  2935 | D:3      | Found a faded altar of an unknown god.
  3241 | D:4      | Reached XP level 6. HP: 34/41 MP: 6/6
  3316 | D:4      | Reached skill level 5 in Unarmed Combat
  3392 | D:4      | Noticed Ijyb
  3407 | D:4      | Killed Ijyb
  3491 | D:4      | Reached * piety under Wu Jian
  3636 | D:4      | Found a glowing drain.
  3648 | Sewer    | Entered a sewer
  3745 | Sewer    | Reached XP level 7. HP: 46/46 MP: 7/7
  4364 | Sewer    | Reached ** piety under Wu Jian
  4745 | D:4      | Found a runed translucent door.
  4746 | D:4      | Noticed Crazy Yiuf
  4935 | D:4      | Killed Crazy Yiuf
  4936 | D:4      | Reached skill level 6 in Unarmed Combat
  4959 | D:5      | Entered Level 5 of the Dungeon
  4970 | D:5      | Reached skill level 5 in Stealth
  5039 | D:5      | Found a radiant altar of Vehumet.
  5115 | D:5      | Reached XP level 8. HP: 36/54 MP: 8/8
  5260 | D:5      | Found a staircase to the Ecumenical Temple.
  5417 | D:5      | Found Ufing's Antique Armour Boutique.
  5649 | D:5      | Reached skill level 7 in Unarmed Combat
  5772 | D:5      | Noticed Grinder
  6042 | D:5      | Reached skill level 5 in Shapeshifting
  6208 | D:5      | Killed Grinder
  6209 | D:5      | Reached skill level 5 in Fighting
  6209 | D:5      | Reached XP level 9. HP: 52/61 MP: 9/9
  6261 | D:5      | Noticed Eustachio
  6267 | D:5      | Killed Eustachio
  6361 | D:6      | Reached skill level 8 in Unarmed Combat
  7372 | D:7      | Found a sand-covered staircase.
  7550 | Ossuary  | Entered an ossuary
  7577 | Ossuary  | Reached *** piety under Wu Jian
  7875 | Ossuary  | Reached skill level 9 in Unarmed Combat
  8461 | D:7      | Reached **** piety under Wu Jian
  8462 | D:7      | Reached XP level 10. HP: 68/68 MP: 10/10
  8913 | D:7      | Found a shimmering altar of Xom.
  8988 | D:7      | Found a shimmering blue altar of Sif Muna.
  9173 | D:7      | Got Sif Muna's Catalogue of the Blaze
  9554 | D:8      | Found a sacrificial altar of Ru.
 10377 | D:8      | Found a staircase to the Lair.
 10605 | D:8      | Reached skill level 10 in Unarmed Combat
 11109 | D:9      | Learned a level 4 spell: Airstrike
 11226 | D:9      | Found a shadowy altar of Dithmenos.
 11229 | D:9      | Found an ancient bone altar of Kikubaaqudgha.
 11233 | D:9      | Found a sparkling altar of Nemelex Xobeh.
 11287 | D:9      | Reached skill level 1 in Air Magic
 11379 | D:9      | Reached skill level 5 in Dodging
 11588 | D:9      | Found a burning altar of Makhleb.
 11754 | D:10     | Entered Level 10 of the Dungeon
 11754 | D:10     | Found a bloodstained altar of Trog.
 11811 | D:10     | Noticed Nergalle
 11822 | D:10     | Killed Nergalle
 11823 | D:10     | Reached XP level 11. HP: 40/75 MP: 11/11
 11895 | D:10     | Noticed a two-headed ogre
 11903 | D:10     | Killed a two-headed ogre
 11961 | D:10     | Found a staircase to the Orcish Mines.
 12840 | D:11     | Reached skill level 11 in Unarmed Combat
 12896 | D:11     | Noticed a red ugly thing
 12905 | D:11     | Killed a red ugly thing
 12985 | D:11     | Noticed a two-headed ogre
 12990 | D:11     | Killed a two-headed ogre
 13198 | D:11     | Noticed a boulder beetle
 13208 | D:11     | Killed a boulder beetle
 13282 | D:11     | Noticed Erolcha
 13425 | D:11     | Noticed a red ugly thing
 13438 | D:11     | Killed a red ugly thing
 13820 | Lair:1   | Entered Level 1 of the Lair of Beasts
 13861 | Lair:1   | Reached skill level 5 in Air Magic
 14128 | Lair:1   | Reached ***** piety under Wu Jian
 14263 | Lair:1   | Reached XP level 12. HP: 69/82 MP: 12/12
 14848 | Lair:2   | Reached skill level 12 in Unarmed Combat
 15566 | Lair:3   | Found a staircase to the Snake Pit.
 15788 | Lair:3   | Reached skill level 1 in Spellcasting
 15995 | Lair:3   | Found a staircase to the Shoals.
 16536 | Lair:3   | Noticed a skyshark
 16682 | Lair:4   | Reached XP level 13. HP: 82/90 MP: 16/16
 17164 | Lair:4   | Reached skill level 13 in Unarmed Combat
 17284 | Lair:4   | Found a blossoming altar of Fedhas.
 17545 | Lair:4   | Reached ****** piety under Wu Jian
 18011 | Lair:5   | Entered Level 5 of the Lair of Beasts
 18062 | Lair:5   | Noticed a dire elephant
 18153 | Lair:5   | HP: 6/136 [death yak (12)]
 18345 | Lair:5   | Found a gate leading to a gauntlet.
 18362 | Gauntlet | Entered a Gauntlet
 18362 | Gauntlet | Found a transporter.
 18370 | Gauntlet | Found a transporter.
 18372 | Gauntlet | Found a transporter.
 18386 | Gauntlet | Found a transporter.
 18390 | Gauntlet | Found a runed translucent door.
 18392 | Gauntlet | Found a runed translucent door.
 18394 | Gauntlet | Found a transporter.
 18415 | Gauntlet | Found a transporter.
 18424 | Gauntlet | Found a transporter.
 18428 | Gauntlet | Found a runed translucent door.
 18436 | Gauntlet | Found a transporter.
 18455 | Gauntlet | Found a transporter.
 18469 | Gauntlet | Found a transporter.
 18469 | Gauntlet | Found a transporter.
 18533 | Gauntlet | Found a transporter.
 18533 | Gauntlet | Found a transporter.
 18574 | Gauntlet | Found a transporter.
 18729 | Gauntlet | Engulfed by a fire crab's flame

Illustrated notes

Levels and vault maps discovered:
D:1:      dpeg_arrival_line_fractal, layout_loops_corners
D:2:      layout_loops_cross, minmay_pentomino_v2
D:3:      layout_rooms, nicolae_wu_jian_wuxing_cycle,
          ebering_ecumenical_altar_ruins, uniq_jessica
D:4:      layout_gridville, cheibrodos_sewer_entry_bend, uniq_ijyb,
          uniq_crazy_yiuf_cottage
D:5:      layout_basic, general_overflow_altar, minmay_temple_entry_mist,
          serial_shops, nicolae_shop_waterfront, uniq_grinder, uniq_eustachio
D:6:      layout_loops_ring, minmay_manual_mail
D:7:      layout_basic, led_sif_book, mainiacjoe_overflow_brackets,
          nicolae_ossuary_entry_giza
D:8:      layout_layer_cave, nicolae_ru_awakened_eye, erik_lair_orcish_takeover,
          kennysheep_generic_room_11
D:9:      layout_roguey, bloody_makhleb, grunt_temple_overflow_diamond,
          serial_glass, glass_columns_a, glass_columns_a, glass_columns_a,
          glass_columns_a, glass_columns_c, glass_columns_a, glass_columns_a,
          glass_columns_a, glass_columns_a, glass_columns_a, minivault_26,
          hangedman_decor_opposing, nicolae_concentric_dashed_squares_mild,
          hangedman_abyss_or_decor_passed, hangedman_decor_peaks_small
D:10:     layout_gridville, nicolae_overflow_hidden_temple, orc_0_dummy,
          uniq_nergalle
D:11:     layout_cross, grunt_ogre_cave, uniq_erolcha
D:12:     layout_roguey, nicolae_blasting_shop, drop_trap
Lair:1:   layout_chaotic_city
Lair:2:   layout_roguey, chequers_serial_rivers_large_b,
          chequers_serial_rivers_micro_d, chequers_serial_rivers_micro_e,
          beast_lair_carwin_9, serial_bayou_shore_a
Lair:3:   layout_concentric_octagons, shoals_dummy_entry,
          guppyfry_snake_entry_island, lemuel_fruit_fields,
          infiniplex_staircase_pool_2
Lair:4:   layout_cave_pods, serial_rivers, chequers_serial_rivers_room_b,
          chequers_serial_rivers_micro_b, chequers_serial_rivers_micro_b,
          chequers_serial_rivers_micro_e, grunt_forest_stairs_basic,
          hangedman_tree_tricks, chequers_serial_rivers_micro_c
Lair:5:   gammafunk_lair_ancient_temple, layout_gridlike, slime_entry_1,
          gauntlet_entry_generic, lemuel_another_geyser
Gauntlet: minmay_gauntlet_77_tree [minmay_gauntlet_arena_77_mess,
          minmay_gauntlet_arena_77_broken_ladder,
          minmay_gauntlet_arena_77_block_sizes, minmay_gauntlet_arena_77_museum,
          minmay_gauntlet_arena_77_path, minmay_gauntlet_arena_77_box,
          minmay_gauntlet_arena_77_cramped, gauntlet_exit_hidden_loot]

Skill      XL: |  1  2  3  4  5  6  7  8  9 10 11 12 13 |
---------------+----------------------------------------+-----
Stealth        | 1 2 3 4 5 6 7 |  7.0
Fighting       | 2 3 5 6 7 8 9 |  9.9
Unarmed Combat | 4 5 6 7 9 10 11 12 13 | 13.9
Shapeshifting  | 4 5 6 7 8 |  8.8
Dodging        | 3 5 6 7 8 |  8.7
Air Magic      | 3 5 8 |  8.0
Spellcasting   | 2 4 |  4.2

Action                     |  1- 3 |  4- 6 |  7- 9 | 10-12 | 13-15 || total
---------------------------+-------+-------+-------+-------+-------++-------
  Melee: Unarmed           |    58 |   119 |   277 |   444 |   227 ||  1125
         Constrict         |    15 |    36 |    77 |    99 |    23 ||   250
         Tentacles         |     9 |    28 |    66 |   108 |    55 ||   266
         Punch             |     1 |     2 |    15 |    52 |    23 ||    93
         Maw               |       |       |       |    66 |    52 ||   118
  Throw: Dart              |       |       |       |     9 |       ||     9
   Cast: Airstrike         |       |       |       |    16 |    13 ||    29
Ability: Lunge             |       |    11 |    27 |    47 |    11 ||    96
         Whirlwind         |       |       |     1 |    63 |    45 ||   109
    Use: Scroll            |       |     1 |     6 |    14 |     4 ||    25
         Potion            |       |       |     1 |     1 |     9 ||    11
   Stab: Sleeping          |       |     6 |    14 |    29 |     4 ||    53
         Distracted        |       |     1 |     3 |     1 |       ||     5
 Armour: Skin              |     2 |     5 |     8 |    12 |    45 ||    72
  Dodge: Dodged            |    26 |    50 |   112 |   200 |   112 ||   500
   Form: Maw               |       |       |       |     1 |       ||     1

Table legend: (Time is in decaauts)
 A = Elapsed time spent in this place.
 B = Non-inter-level travel time spent in this place.
 C = Inter-level travel time spent in this place.
 D = Time resting spent in this place.
 E = Time spent auto-exploring this place.
 F = Levels seen in this place.
 G = Mean time per level.
                   A        B        C        D        E       F      G
               +--------+--------+--------+--------+--------+-----+--------+
         Total |  18586 |  17694 |    892 |   2097 |  10309 |  20 |  929.3 |
       Dungeon |  12120 |  11409 |    711 |   1547 |   6790 |  12 | 1010.0 |
          Lair |   4478 |   4298 |    180 |    239 |   2934 |   5 |  895.6 |
         Sewer |    878 |    878 |      0 |    266 |    199 |   1 |  878.0 |
       Ossuary |    749 |    749 |      0 |      0 |    190 |   1 |  749.0 |
      Gauntlet |    359 |    359 |      0 |     45 |    196 |   1 |  359.0 |
               +--------+--------+--------+--------+--------+-----+--------+

Top non-repeatable levels by time:
     D:7: 1427 daAuts
     D:8: 1418 daAuts
     D:5: 1389 daAuts
  Lair:4: 1347 daAuts
     D:1: 1285 daAuts
  Lair:2: 1080 daAuts
    D:10: 1062 daAuts
     D:2: 1024 daAuts
     D:6: 981 daAuts
  Lair:3: 979 daAuts
     D:3: 893 daAuts
    D:11: 883 daAuts
   Sewer: 878 daAuts
     D:9: 860 daAuts
     D:4: 859 daAuts
